 Dungeon Crawl Stone Soup version 0.21.1-1-g345015fe64 (webtiles) character file.

193 Kohma the Stinger (level 5, -3/24 HPs)
             Began as a Spriggan Venom Mage on June 21, 2018.
             Slain by a river rat (6 damage)
             ... in a sewer.
             The game lasted 00:10:01 (3701 turns).

Kohma the Stinger (Spriggan Venom Mage)             Turns: 3701, Time: 00:10:02

Health: -3/24      AC:  3    Str: 11    XL:     5   Next: 44%
Magic:  6/12       EV: 18    Int: 16    God:
Gold:   199        SH:  0    Dex: 17    Spells: 9/12 levels left

rFire    . . .     SeeInvis +   r - -2 short sword (curse)
rCold    . . .     Gourm    .   (shield restricted)
rNeg     . . .     Faith    +   a - +1 robe
rPois    .         Spirit   .   (helmet restricted)
rElec    .         Reflect  .   (no cloak)
rCorr    .         Harm     .   (gloves unavailable)
MR       .....                  (boots unavailable)
Stlth    +.........             f - amulet of faith
HPRegen  0.08/turn              k - +6 ring of strength
MPRegen  0.13/turn              (no ring)

@: slow
A: very small, unfitting armour, see invisible, herbivore, speed 3, slow
metabolism 2
a: no special abilities


You were in a sewer.
You were not hungry.

You visited 1 branch of the dungeon, and saw 4 of its levels.
You also visited: Sewer.

You collected 199 gold pieces.

Inventory:

Hand Weapons
 d - a +0 short sword
 g - a +1 dagger
 r - a cursed -2 short sword (weapon)
Armour
 a - a +1 robe (worn)
Jewellery
 f - an amulet of faith (around neck)
 k - a +6 ring of strength (left hand)
Wands
 p - a wand of random effects (32)
 q - a wand of polymorph (13)
 s - a wand of iceblast (5)
 t - a wand of flame (35)
Scrolls
 h - 2 scrolls of fear {unknown}
 j - a scroll of identify
 m - 3 scrolls of teleportation
Potions
 e - a potion of heal wounds {unknown}
 i - a potion of invisibility {unknown}
 l - a potion of haste {unknown}
 n - 2 potions of magic {unknown}
Books
 b - a Young Poisoner's Handbook

   Spells                             Type                      Level
   a - Sting                          Conjuration/Poison           1
   b - Poisonous Vapours              Poison/Air                   2
   c - Mephitic Cloud                 Conjuration/Poison/Air       3
   d - Olgreb's Toxic Radiance        Poison                       4
   e - Venom Bolt                     Conjuration/Poison           5
Comestibles
 c - 2 rations


   Skills:
 - Level 3.0 Dodging
 - Level 3.0 Stealth
 + Level 4.1 Spellcasting
 + Level 2.0 Conjurations
 * Level 4.9 Poison Magic


You had 9 spell levels left.
You knew the following spells:

 Your Spells              Type           Power        Failure   Level  Hunger
a - Sting                 Conj/Pois      ##..         4%          1    None
b - Poisonous Vapours     Pois/Air       ##....       9%          2    ##.....


Dungeon Overview and Level Annotations

Branches:
Dungeon (4/15)
 Temple: D:4-7

Altars:
The Shining One


Innate Abilities, Weirdness & Mutations

You are very small and have problems with some larger weapons.
You are too small for most types of armour.
You have supernaturally acute eyesight. (SInv)
You are a herbivore.
You cover ground extremely quickly.
You need consume almost no food.


Message History

You barely miss the river rat.
The river rat is heavily wounded.
The river rat closely misses you.
You hit the river rat but do no damage.
The river rat is severely wounded.
The river rat looks more healthy.
The river rat completely misses you.
You closely miss the river rat.
The river rat is severely wounded.
The river rat closely misses you. The river rat bites you.
* * * LOW HITPOINT WARNING * * *
You enter the shallow water.
Moving in this stuff is going to be slow.
The river rat closely misses you. The river rat bites you.
* * * LOW HITPOINT WARNING * * *
You enter the shallow water.
Moving in this stuff is going to be slow.
The river rat twitches its whiskers.
The river rat bites you.
You die...

##≈≈.## ##.≈≈##
≈.)####...≈≈#####....≈####
.≈≈≈≈≈≈(...≈≈≈≈≈≈≈≈∩..≈≈≈≈
≈.≈####..≈..#####≈≈.∩.####
##...## ##...## ##≈##
##(## #r# #≈# #r# #≈# ####
##@## ##≈## ##..# ##.≈≈##
##..≈##
#≈..#####.≈≈..#####.÷≈..#
#......)..≈.(.≈≈≈≈≈...≈.#
#....#####.†≈≈.#####≈..)≈#
###..# ##.≈≈## ##≈..##
#### ##### #####


You could see 2 river rats.

Vanquished Creatures
  A worker ant (D:4)
  An orc wizard (D:3)
  4 adders
  A worm (D:2)
  5 dart slugs
  3 leopard geckos
  2 orcs (D:3)
  5 bats
  3 giant cockroaches
  12 goblins
  11 hobgoblins
  4 jackals (D:3)
  3 quokkas
  3 ball pythons
  7 frilled lizards
  14 kobolds
  12 rats
91 creatures vanquished.

Notes
Turn   | Place    | Note
-------+----------+-------------------------------------------
     0 | D:1      | Kohma the Spriggan Venom Mage began the quest for the Orb.
     0 | D:1      | Reached XP level 1. HP: 9/9 MP: 5/5
   126 | D:1      | Reached XP level 2. HP: 13/13 MP: 1/6
   130 | D:1      | Learned a level 2 spell: Poisonous Vapours
   203 | D:1      | Reached skill level 1 in Conjurations
   869 | D:2      | Reached XP level 3. HP: 16/16 MP: 4/8
  1773 | D:2      | Reached XP level 4. HP: 21/21 MP: 6/10
  2384 | D:3      | Found a glowing golden altar of the Shining One.
  2891 | D:3      | Reached XP level 5. HP: 24/24 MP: 6/11
  3327 | D:4      | Found a glowing drain.
  3358 | Sewer    | Entered a sewer
  3701 | Sewer    | Slain by a river rat

Skill      XL: |  1  2  3  4  5 |
---------------+----------------+-----
Spellcasting   | 3 4 |  4.1
Conjurations   | 1 2 |  2.0
Poison Magic   | 4 |  4.9
Dodging        | |  3.0
Stealth        | |  3.0

Action                   |  1- 3 |  4- 6 || total
-------------------------+-------+-------++-------
Melee: Short sword       |    16 |    24 ||    40
 Cast: Sting             |    15 |     1 ||    16
       Poisonous Vapours |    45 |    57 ||   102
  Use: Scroll            |       |     5 ||     5
 Stab: Sleeping          |     1 |       ||     1
  Eat: Ration            |       |     3 ||     3
Armor: Robe              |     2 |     2 ||     4
Dodge: Dodged            |    14 |    31 ||    45
